 Dungeon Crawl Stone Soup version 0.29.1-13-g9f3cf754e1 (webtiles) character file.

Game seed: 16297962153897083076

2762 GigaChad the Cleaver (level 9, -4/79 HPs)
             Began as a Minotaur Fighter on Jan 24, 2023.
             Was a Priest of Okawaru.
             Slain by a purple ugly thing (9 damage)
             ... on level 8 of the Dungeon on Jan 26, 2023.
             The game lasted 00:16:32 (9147 turns).

GigaChad the Cleaver (Minotaur Fighter)             Turns: 9147, Time: 00:16:33

Health: -4/79      AC: 19    Str: 24    XL:     9   Next: 42%
Magic:  17/17      EV:  8    Int:  8    God:    Okawaru [***...]
Gold:   342        SH:  5    Dex: 11    Spells: 8/8 levels left

rFire   . . .      SeeInvis +   a - +1 war axe
rCold   + + +      Faith    .   c - +0 buckler
rNeg    . . .      Spirit   .   F - +0 plate armour
rPois   .          Reflect  .   (helmet restricted)
rElec   .          Harm     .   i - +0 cloak
rCorr   .          Rampage  .   (no gloves)
Will    .....                   (no boots)
Stlth   ..........              (no amulet)
HPRegen 0.23/turn               t - +4 ring of protection
MPRegen 0.15/turn               q - ring "Ritupn" {rC+++ Will- MP+9 Int+3 SInv}

@: about to teleport
A: horns 2, retaliatory headbutt
a: Renounce Religion, Heroism


You were on level 8 of the Dungeon.
You worshipped Okawaru.
Okawaru was most pleased with you.
You visited 2 branches of the dungeon, and saw 9 of its levels.

You collected 342 gold pieces.

Inventory:

Hand Weapons
 a - a +1 war axe (weapon)
Missiles
 B - 2 throwing nets (quivered)
Armour
 b - a +0 scale mail
 c - a +0 buckler (worn)
 i - a +0 cloak (worn)
 l - a +3 scale mail of poison resistance
 s - a +0 chain mail
 F - a +0 plate armour (worn)
Jewellery
 p - a ring of magical power
 q - the ring "Ritupn" (right hand) {rC+++ Will- MP+9 Int+3 SInv}
   (You acquired it on level 4 of the Dungeon)

   [ring of see invisible]

   Int:       It affects your intelligence (+3).
   rC:        It renders you almost immune to cold.
   MP:        It affects your magic capacity (+9).
   SInv:      It lets you see invisible.
   Will:      It decreases your willpower.
 t - a +4 ring of protection (left hand)
 x - a ring of protection from cold
 y - a ring of protection from cold
Scrolls
 f - 2 scrolls of noise
 h - 4 scrolls of fog
 n - a scroll of amnesia
 o - a scroll of summoning
 u - 4 scrolls of teleportation
 v - a scroll of blinking {unknown}
 A - 2 scrolls of vulnerability
 C - a scroll of enchant armour {unknown}
 E - a scroll of identify
Potions
 d - 2 potions of might
 e - 3 potions of heal wounds {unknown}
 g - a potion of magic {unknown}
 j - 3 potions of brilliance {unknown}
 k - 4 potions of curing {unknown}
 m - 2 potions of haste {unknown}
 r - a potion of lignification {unknown}
 w - 2 potions of mutation {unknown}
 z - a potion of flight {unknown}
 D - a potion of attraction {unknown}


   Skills:
 + Level 7.1 Fighting
 + Level 9.7 Axes
 + Level 8.5 Armour
 + Level 4.1 Dodging
 + Level 1.2 Stealth
 + Level 6.4 Shields


You had 8 spell levels left.
You didn't know any spells.
Your spell library contained the following spells:

 Spells                   Type           Power      Damage    Failure   Level
 Poisonous Vapours        Pois/Air       0%         N/A       100%        2
 Confusing Touch          Hex            0%         N/A       100%        3
 Portal Projectile        Hex/Tloc       0%         N/A       100%        3
 Stone Arrow              Conj/Erth      0%         3d7       100%        3
 Corpse Rot               Necr/Pois/Air  0%         N/A       100%        4
 Leda's Liquefaction      Hex/Erth       0%         N/A       100%        4
 Yara's Violent Unravell  Hex/Tmut       0%         3d3       100%        5
 Enfeeble                 Hex            0%         N/A       100%        7
 Lehudib's Crystal Spear  Conj/Erth      0%         10d2      100%        8
 Call Canine Familiar     Summ           Unusable   N/A       N/A         3
 Animate Armour           Summ/Erth      Unusable   N/A       N/A         4

Dungeon Overview and Level Annotations

Branches:
Dungeon (8/15)             Temple (1/1) D:4
   Lair: D:8-11

Altars:
Ashenzari
Cheibriados
Dithmenos
Elyvilon
Fedhas
Gozag
Hepliaklqana
Kikubaaqudgha
Makhleb
Nemelex Xobeh
Okawaru
Qazlal
Ru
Sif Muna
Trog
Uskayaw
Vehumet
Wu Jian
Xom
Yredelemnul
Zin
The Shining One

Shops:
D:4 *

Annotations:
D:8 2 transporters, OhItsWolfy's ghost, novice GrFi


Innate Abilities, Weirdness & Mutations

You have a pair of horns on your head.
You reflexively headbutt those who attack you in melee.


Message History

The manticore bites you!
The manticore claws you but does no damage. x2
You slash the purple ugly thing!
Your headbutt misses the purple ugly thing.
The purple ugly thing is severely wounded.
You barely miss the manticore.
The purple ugly thing tail-slaps you but does no damage.
You block the manticore's attack.
The manticore claws you but does no damage.
The manticore claws you.
You closely miss the purple ugly thing.
The purple ugly thing is severely wounded.
The killer bee buzzes angrily.
You slash the manticore! The purple ugly thing tail-slaps you!
OhItsWolfy's ghost whispers, "Death is liberation."
The manticore bites you.
The manticore claws you but does no damage. x2
You hit the purple ugly thing. You headbutt the purple ugly thing.
The purple ugly thing is severely wounded.
You completely miss the manticore. The purple ugly thing tail-slaps you!
* * * LOW HITPOINT WARNING * * *
The manticore bites you.
* * * LOW HITPOINT WARNING * * *
The manticore claws you.
* * * LOW HITPOINT WARNING * * *
The manticore closely misses you.
As you read the scroll of teleportation, it crumbles to dust.
You feel strangely unstable.
The purple ugly thing barely misses you.
The manticore misses you. You block the manticore's attack.
The manticore claws you.
* * * LOW HITPOINT WARNING * * *
The manticore attacks as you move away!
The manticore bites you but does no damage.
The manticore claws you but does no damage.
You block the manticore's attack.
The purple ugly thing attacks as you move away!
The purple ugly thing closely misses you.
The purple ugly thing tail-slaps you!
You die...

#......##........> #..##......#
#..........##..#..##__##......#
##...<.......<.#...#⌠⌠##..#...#
#.....#.....##.....####...###.#
......#.............##..###...###
##...#.....#..##....##..# #......
#.>.##.....#........###.###......
#...##...........H...#..##.......
###.##...#......@u...............
#......###........###.###.......
#..##.## ##......#########......
#....#..# #...#.###W# #.###.....
##......#####..#.##yyy#...##..##.
##..#####.##..#.##y#y#.#.##..##.
#.## #.........##.!y#...##.##..
### #.........#.#.#.#.#.#.##..
##........#yy# #..#.....


You could see a purple ugly thing, a manticore, 3 killer bees and OhItsWolfy's
ghost.

Vanquished Creatures
  A water moccasin (D:5)
  2 orc warriors
  3 ice beasts
  An ogre (D:4)
  2 centaurs (D:7)
  2 kobold brigands
  3 bullfrogs
  4 necrophages
  6 scorpions
  4 wights (D:6)
  An electric eel (D:7)
  A howler monkey (D:5)
  2 jellies
  3 hounds
  2 orc priests (D:6)
  2 gnoll boudas
  2 iguanas
  3 orc wizards
  A mummy (D:7)
  8 gnolls
  14 adders
  2 white imps
  2 ufetubi
  A worm (D:4)
  3 dart slugs
  12 orcs
  6 endoplasms
  3 giant cockroaches
  4 goblins
  7 hobgoblins
  5 jackals
  4 quokkas
  5 ball pythons
  12 bats
  4 frilled lizards
  A hobgoblin zombie (D:7)
  13 kobolds
  3 kobold zombies (D:7)
  4 rats
158 creatures vanquished.

Vanquished Creatures (others)
  4 fungi (D:5)
4 creatures vanquished.

Grand Total: 162 creatures vanquished

Notes
Turn   | Place    | Note
-------+----------+-------------------------------------------
     0 | D:1      | GigaChad the Minotaur Fighter began the quest for the Orb.
     0 | D:1      | Reached XP level 1. HP: 19/19 MP: 0/0
   473 | D:1      | Reached XP level 2. HP: 24/27 MP: 1/1
  1079 | D:1      | Found a faded altar of an unknown god.
  1493 | D:2      | Reached skill level 3 in Axes
  1493 | D:2      | Reached XP level 3. HP: 33/33 MP: 2/2
  1499 | D:2      | Reached skill level 1 in Dodging
  1853 | D:2      | Reached XP level 4. HP: 41/41 MP: 3/3
  2479 | D:3      | Found a snail-covered altar of Cheibriados.
  2762 | D:3      | Reached XP level 5. HP: 47/47 MP: 4/4
  2779 | D:3      | Reached skill level 4 in Axes
  3436 | D:4      | Found a blossoming altar of Fedhas.
  3437 | D:4      | Found a stormy altar of Qazlal.
  3652 | D:4      | Found Baom's Neck Hole.
  3686 | D:4      | Identified a scroll of acquirement
  3687 | D:4      | Acquired the ring "Ritupn" {rC+++ Will- MP+9 Int+3 SInv}
  3903 | D:4      | Noticed an ogre
  3910 | D:4      | Killed an ogre
  3911 | D:4      | Reached skill level 5 in Axes
  3911 | D:4      | Reached skill level 5 in Armour
  3911 | D:4      | Reached XP level 6. HP: 39/53 MP: 5/5
  3997 | D:4      | Found a staircase to the Ecumenical Temple.
  4004 | Temple   | Entered the Ecumenical Temple
  4243 | Temple   | Became a worshipper of Warmaster Okawaru
  4526 | D:5      | Entered Level 5 of the Dungeon
  4756 | D:5      | Reached skill level 6 in Axes
  4756 | D:5      | Reached XP level 7. HP: 54/60 MP: 6/6
  4814 | D:5      | Reached skill level 5 in Fighting
  4843 | D:5      | Reached * piety under Okawaru
  5289 | D:5      | Reached skill level 7 in Axes
  5289 | D:5      | Reached skill level 1 in Stealth
  5365 | D:5      | Reached XP level 8. HP: 59/70 MP: 7/7
  5379 | D:5      | Reached skill level 5 in Shields
  5747 | D:6      | Reached ** piety under Okawaru
  5748 | D:6      | Reached skill level 8 in Axes
  6718 | D:6      | Found an opulent altar of Gozag.
  6757 | D:6      | Reached skill level 9 in Axes
  6757 | D:6      | Reached XP level 9. HP: 73/78 MP: 8/8
  8710 | D:8      | Reached *** piety under Okawaru
  8944 | D:8      | Found a glowing golden altar of the Shining One.
  8944 | D:8      | Found a burning altar of Makhleb.
  9032 | D:8      | Found a transporter.
  9032 | D:8      | Found a transporter.
  9042 | D:8      | Noticed OhItsWolfy's ghost (novice GrFi)
  9108 | D:8      | Noticed a purple ugly thing
  9108 | D:8      | Noticed a manticore
  9147 | D:8      | Slain by a purple ugly thing

Illustrated notes

Levels and vault maps discovered:
D:1:      spicycebolla_arrival_xxxplode, layout_loops_corners,
          basic_ecumenical_altar, chequers_hall_statues_y
D:2:      layout_loops_ring, minmay_diced_spiral
D:3:      layout_loops_corners, kennysheep_slug_shrine, minmay_misc_feat_hallway
D:4:      wad_crossroads, layout_loops_ring,
          grunt_temple_overflow_forces_of_nature,
          minmay_temple_entry_enclosed_plants, nicolae_shop_sticking_my_neck_out
D:5:      old_forge, layout_loops_cross
D:6:      layout_layer_cave, nicolae_gozag_seed_capital
D:7:      layout_loops_cross, nicolae_lava_and_water, minmay_mini_ossuary
D:8:      minmay_the_grid_octo_tiled_squarecenter
          [minmay_the_grid_octo_checkered, minmay_the_grid_octo_77,
          minmay_the_grid_octo_toaster, minmay_the_grid_octo_teeth,
          minmay_the_grid_square_5x5_megaprize_open,
          minmay_the_grid_square_5x5_mess, minmay_the_grid_square_5x5_meh,
          minmay_the_grid_square_5x5_gyroscope,
          minmay_the_grid_square_5x5_tri_point], layout_cave_pools,
          gammafunk_temple_overflow_wave, gammafunk_ghost_hive, uniq_joseph
Temple:   nicolae_temple_slightly_damp_pantheon

Skill      XL: |  1  2  3  4  5  6  7  8  9 |
---------------+----------------------------+-----
Armour         | 4 5 6 7 8 |  8.5
Fighting       | 4 5 6 7 |  7.1
Axes           | 3 5 6 7 9 |  9.7
Dodging        | 1 2 3 4 |  4.1
Shields        | 4 5 6 |  6.4
Stealth        | 1 |  1.2

Action                   |  1- 3 |  4- 6 |  7- 9 || total
-------------------------+-------+-------+-------++-------
Melee: War axe           |    62 |   124 |   217 ||   403
       Headbutt          |     4 |    17 |    35 ||    56
Invok: Heroism           |       |       |     1 ||     1
  Use: Scroll            |     4 |     5 |     2 ||    11
Armor: Scale mail        |    32 |    84 |   104 ||   220
       Plate armour      |       |       |    11 ||    11
Dodge: Dodged            |    36 |    56 |   149 ||   241
Block: Buckler           |    16 |    36 |    65 ||   117
